AoeStats
← Trug Cobra

Coastal Forest

510713204Analyzed
4v4 RM · 2d ago on Oct 2, 2026· 57m 50s· 8 players
Game mode
Random Map
Map size
Large (8 player)
Population
200
Speed
Normal
Resources
Standard
Victory
Conquest
Starting age
Dark Age
Ending age
Imperial Age
RankedLock teamsTeams togetherTeam positionsShared explorationLock speedFull tech treeHidden civsTurbo modeCheats
Victory
Defeat
🇻🇳 Persians · Vietnam
881
+15
🇻🇳 Bulgarians · Vietnam
873
+16
🇦🇷 Huns · Argentina
807
+18
🇻🇳 Goths · Vietnam
743
+21
🇦🇷 Huns · Argentina
966
-21
🇺🇸 Varangians · United States
872
-18
🇨🇳 Persians · China
815
-16
🇩🇪 Bengalis · Germany
793
-15
Highlander
0:37 Loom
12:27 Feudal Age
15:10 Man-at-Arms
21:12 Double-Bit Axe
22:16 Horse Collar
31:43 Fishing Lines
43:40 Castle Age
48:09 Castle Age
corazon de seda
10:58 Feudal Age
12:12 Horse Collar
22:06 Castle Age
20:20 Double-Bit Axe
24:40 Bow Saw
24:54 Husbandry
25:07 Bloodlines
25:19 Gold Mining
25:19 Stone Mining
26:53 Marauders
28:06 Heavy Plow
30:43 Gold Shaft Mining
35:25 Imperial Age
33:42 Wheelbarrow
35:13 Hand Cart
35:26 Elite Tarkan
36:30 Conscription
37:15 Scale Barding Armor
37:21 Forging
38:16 Chain Barding Armor
41:19 Iron Casting
41:20 Plate Barding Armor
44:48 Blast Furnace
46:24 Scale Mail Armor
48:56 Chain Mail Armor
49:10 Squires
48:32 Man-at-Arms
49:15 Long Swordsman
49:44 Arson
49:53 Two-Handed Swordsman
NO WAY THROUGH
0:28 Loom
12:24 Feudal Age
13:00 Double-Bit Axe
15:03 Horse Collar
14:55 Man-at-Arms
15:21 Arson
22:32 Forging
23:18 Scale Mail Armor
26:18 Castle Age
24:28 Scale Barding Armor
25:54 Bloodlines
27:00 Husbandry
27:28 Chain Barding Armor
27:34 Bow Saw
27:11 Fishing Lines
29:28 Gold Mining
30:32 Gold Mining
31:06 Gillnets
33:06 Long Swordsman
33:47 Squires
34:19 Stone Mining
35:49 Stone Shaft Mining
35:04 Town Watch
42:26 Imperial Age
40:34 Wheelbarrow
39:46 Gambesons
39:23 Pikeman
41:40 Vendel Legacy
42:48 Treadmill Crane
43:19 Fortified Wall
42:33 Cavalier
43:58 Iron Casting
43:59 Plate Barding Armor
43:28 Capped Ram
44:49 Hand Cart
45:00 Conscription
44:34 Halberdier
46:47 Two-Handed Swordsman
50:38 Blast Furnace
49:35 Fletching
52:44 Chemistry
52:06 Ballistics
51:43 Murder Holes
hzhzyumin
0:30 Loom
12:44 Feudal Age
17:39 Castle Age
17:16 Double-Bit Axe
17:42 Horse Collar
19:14 Wheelbarrow
18:56 Bow Saw
20:02 Wheelbarrow
22:56 Heavy Plow
25:26 Hand Cart
27:30 Bloodlines
27:54 Husbandry
31:29 Fletching
31:49 Forging
31:45 Scale Barding Armor
36:08 Imperial Age
34:02 Murder Holes
34:28 Ballistics
34:18 Masonry
33:33 Light Cavalry
34:16 Squires
34:44 Kamandaran
35:16 Fletching
35:37 Forging
35:33 Scale Barding Armor
35:49 Scale Mail Armor
35:50 Padded Archer Armor
35:56 Cavalier
39:05 Iron Casting
38:52 Chain Barding Armor
38:28 Bodkin Arrow
41:30 Chemistry
41:01 Architecture
41:00 Conscription
41:16 Hoardings
40:32 Town Watch
41:34 Caravan
41:22 Crossbowman
42:08 Thumb Ring
43:31 Blast Furnace
42:47 Chain Mail Armor
44:59 Leather Archer Armor
45:21 Plate Barding Armor
45:12 Pikeman
46:23 Hussar
52:15 Arson
57:57 Two-Man Saw
Hưng Hững Hờ
12:32 Feudal Age
13:06 Double-Bit Axe
13:03 Horse Collar
15:47 Gold Mining
24:17 Castle Age
23:18 Forging
23:14 Scale Barding Armor
23:59 Scale Mail Armor
24:37 Arson
25:32 Pikeman
26:12 Squires
26:27 Bloodlines
26:18 Husbandry
26:39 Bow Saw
26:32 Heavy Plow
29:25 Gold Shaft Mining
28:41 Stone Mining
30:14 Chain Barding Armor
30:30 Iron Casting
30:11 Chain Mail Armor
35:48 Imperial Age
35:20 Wheelbarrow
36:25 Hand Cart
38:28 Two-Man Saw
39:13 Plate Barding Armor
39:39 Blast Furnace
38:22 Elite Tarkan
39:10 Halberdier
41:14 Marauders
41:35 Conscription
Trug Cobra
4:39 Loom
10:56 Feudal Age
12:23 Man-at-Arms
13:19 Horse Collar
13:26 Double-Bit Axe
22:58 Castle Age
22:38 Scale Mail Armor
22:48 Forging
22:38 Scale Mail Armor
22:48 Forging
24:02 Heavy Plow
24:20 Pikeman
24:20 Long Swordsman
25:10 Squires
31:58 Forging
32:03 Chain Mail Armor
31:58 Forging
32:03 Chain Mail Armor
35:45 Imperial Age
33:49 Pikeman
35:59 Iron Casting
36:22 Anarchy
37:47 Wheelbarrow
38:11 Bow Saw
38:33 Crop Rotation
39:00 Hand Cart
40:15 Blast Furnace
40:52 Halberdier
45:09 Conscription
44:49 Perfusion
45:12 Conscription
45:49 Two-Handed Swordsman
46:06 Champion
49:37 Elite Huskarl
quachvanhao2040
10:40 Feudal Age
13:28 Double-Bit Axe
17:35 Forging
18:18 Horse Collar
22:38 Castle Age
21:17 Scale Mail Armor
21:38 Stone Mining
25:56 Scale Barding Armor
28:55 Heavy Plow
29:41 Loom
30:20 Town Watch
31:11 Wheelbarrow
31:01 Bloodlines
32:09 Stirrups
33:26 Iron Casting
33:20 Gold Mining
38:54 Imperial Age
37:01 Squires
38:57 Gambesons
39:43 Pikeman
40:44 Pikeman
42:44 Blast Furnace
42:08 Husbandry
44:44 Crop Rotation
45:22 Chain Barding Armor
47:52 Elite Konnik
49:52 Plate Barding Armor
50:17 Bow Saw
53:39 Coinage
54:53 Chemistry
55:13 Bagains
Tào Mạnh Đức
1:54 Loom
9:55 Feudal Age
10:45 Double-Bit Axe
21:05 Castle Age
19:06 Horse Collar
19:35 Stone Mining
21:39 Gold Mining
22:13 Bow Saw
28:14 Imperial Age
26:38 Heavy Plow
28:01 Gold Shaft Mining
28:09 Wheelbarrow
27:22 Town Watch
29:10 Conscription
29:11 Scale Barding Armor
30:23 Crop Rotation
30:50 Hand Cart
34:34 Elite War Elephant
36:24 Two-Man Saw
35:35 Scale Barding Armor
39:53 Chain Barding Armor
41:38 Town Patrol
42:25 Caravan
42:56 Coinage
42:37 Guilds
47:59 Plate Barding Armor
48:54 Banking
55:31 Forging
55:13 Fletching
55:23 Padded Archer Armor
55:49 Masonry
55:35 Heated Shot
Connection lost

Rejoining the realm…

Still unreachable

The connection could not be restored.

Session expired

The server has moved on; the page needs a fresh start.